 Dungeon Crawl Stone Soup version 0.27-a0-1200-g94dc6ad4cf (webtiles) character file.

Game seed: 16015554989874791247

2355 freelancePsychic the Merchant of Misery (level 9, -17/66 HPs)
             Began as a Demonspawn Necromancer on May 30, 2021.
             Was a Believer of Kikubaaqudgha.
             Demolished by Harold
             ... wielding a +0 glaive
              (21 damage)
             ... on level 7 of the Dungeon.
             The game lasted 00:14:46 (7923 turns).

freelancePsychic the Merchant of Misery (DsNe)      Turns: 7923, Time: 00:14:47

Health: -17/66     AC: 13    Str:  9    XL:     9   Next: 20%
Magic:  12/12      EV: 11    Int: 19    God:    Kikubaaqudgha [**....]
Gold:   373        SH:  4    Dex: 14    Spells: 8/12 levels left

rFire    + . .     SeeInvis .   c - +2 falchion (distort)
rCold    + . .     Faith    .   (no shield)
rNeg     . . .     Spirit   .   o - +0 ring mail
rPois    .         Reflect  .   (helmet restricted)
rElec    .         Harm     .   y - scarf {rC+ rF+}
rCorr    .         Rampage  .   n - +0 pair of gloves
Will     .....                  B - +0 pair of boots
Stlth    +.........             (no amulet)
HPRegen  0.21/turn              q - +4 ring of protection
MPRegen  0.13/turn              (no ring)

@: no status effects
A: horns 2, icy blue scales 1, condensation shield
a: Renounce Religion, Receive Corpses


You were on level 7 of the Dungeon.
You worshipped Kikubaaqudgha.
Kikubaaqudgha was pleased with you.
You visited 2 branches of the dungeon, and saw 8 of its levels.

You collected 373 gold pieces.

Inventory:

Hand Weapons
 b - a +0 short sword of draining
 c - a +2 falchion of distortion (weapon)
Missiles
 m - a throwing net
Armour
 a - a +0 robe
 j - a +0 buckler
 l - a +0 scale mail of poison resistance
 n - a +0 pair of gloves (worn)
 o - a +0 ring mail (worn)
 p - a +1 cloak
 y - a scarf of resistance (worn)
 B - a +0 pair of boots (worn)
Jewellery
 q - a +4 ring of protection (left hand)
Wands
 r - a wand of acid (9)
 C - a wand of iceblast (9)
 D - a wand of digging (4)
 E - a wand of charming (9)
Scrolls
 d - 2 scrolls of fog
 h - 2 scrolls of vulnerability
 i - a scroll of brand weapon
 k - 3 scrolls of teleportation {@r4}
 t - a scroll of immolation
 w - a scroll of enchant armour
 A - 4 scrolls of identify {@r1}
 F - a scroll of torment {unknown}
Potions
 e - a potion of brilliance
 f - 2 potions of degeneration
 g - 2 potions of mutation
 s - 2 potions of curing {@q1}
 u - 2 potions of attraction {unknown}
 v - 2 potions of heal wounds {unknown}
 x - a potion of haste {@q3}


   Skills:
 - Level 4.5 Fighting
 + Level 7.2 Long Blades
 + Level 4.9 Dodging
 - Level 1.7 Stealth
 - Level 2.0 Spellcasting
 + Level 8.2 Necromancy


You had 8 spell levels left.
You knew the following spells:

 Your Spells              Type           Power      Damage    Failure   Level
a - Pain                  Necr           100%       1d9       1%          1
b - Vampiric Draining     Necr           16%        2d8       4%          3

Your spell library contained the following spells:

 Spells                   Type           Power      Damage    Failure   Level
 Animate Skeleton         Necr           66%        N/A       1%          1
 Sublimation of Blood     Necr           16%        N/A       2%          2
 Corpse Rot               Necr/Air       N/A        N/A       13%         2
 Animate Dead             Necr           16%        N/A       16%         4
 Agony                    Necr           33%        N/A       41%         5
 Magic Dart               Conj           4%         1d3       43%         1
 Searing Ray              Conj           2%         3d3       56%         2
 Confusing Touch          Hex            1%         N/A       80%         3
 Dazzling Flash           Conj/Hex       2%         N/A       80%         3
 Gell's Gravitas          Tloc           0%         N/A       80%         3
 Fulminant Prism          Conj/Hex       0%         3d6       99%         4
 Iskenderun's Mystic Bla  Conj/Tloc      1%         2d3       99%         4
 Petrify                  Tmut/Erth      1%         N/A       99%         4
 Metabolic Englaciation   Hex/Ice        0%         N/A       100%        5
 Yara's Violent Unravell  Hex/Tmut       0%         3d3       100%        5


Dungeon Overview and Level Annotations

Branches:
Dungeon (7/15)             Temple (1/1) D:4

Altars:
Ashenzari
Elyvilon
Fedhas
Hepliaklqana
Kikubaaqudgha
Okawaru
Ru
Uskayaw
Wu Jian
Xom
The Shining One

Annotations:
D:7 Harold


Innate Abilities, Weirdness & Mutations

You have a pair of horns on your head.
You are partially covered in icy blue scales. (AC +2)
A meltable shield of frost defends you. (SH +4)


Message History

The bullfrog is heavily wounded.
The bullfrog hits you but does no damage.
The bullfrog hits you.
You hit the bullfrog.
Space bends around the bullfrog.
You headbutt the bullfrog.
The bullfrog is almost dead.
The bullfrog misses you.
You riposte.
You closely miss the bullfrog.
The bullfrog is almost dead.
You closely miss the bullfrog.
The bullfrog is almost dead.
You block the bullfrog's attack.
Harold hits you from afar with a +0 glaive!
The bullfrog hits you but does no damage.
You hit the bullfrog.
You kill the bullfrog!
Kikubaaqudgha accepts your kill.
Harold says, "This is so exciting!
What a great way to end my career!"
Harold fires a harpoon shot at you. The harpoon shot hits you!
You are yanked forward by the harpoon shot.
Harold completely misses you.
Harold throws a throwing net.
The throwing net hits you.
You become entangled in the net!
You see here a throwing net.
You struggle against the net.
Harold hits you from afar with a +0 glaive.
You struggle against the net.
Harold hits you from afar with a +0 glaive!
You struggle against the net.
Harold fires a harpoon shot at you. The harpoon shot hits you!
* * * LOW HITPOINT WARNING * * *
You are yanked forward by the harpoon shot.
As you read the scroll labelled VIEDIS JILEIF, it crumbles to dust.
It is a scroll of amnesia.
Really abort (and waste the scroll)?
Okay, then.
Harold hits you with a +0 glaive!!
You die...
Kikubaaqudgha rasps: "You have failed me!
Welcome... death!"

### #.# # #>#####.# #
#.....#.# # #.###.#.#
# #.# #.#.### #
#.###.#...###
#...#........
######.###.#####.#..
#.@@(..# #.......#..
#†################.#
#########.#
#............#
........#.#
#.#.....###..#
#........#####.#.###.#
#..#
#.####.#.......#.# #.#
#..# #@#.#######.#
#.###..# #.#.# #.#
#.#....# #.#.# #.#
#.#.##.#


You could see Harold.

Vanquished Creatures
  A steam dragon (D:6)
  A water moccasin (D:7)
  Purgy (D:3)
  An ice beast (D:7)
  2 ogres (D:5)
  A kobold brigand (D:7)
  2 bullfrogs (D:7)
  3 scorpions
  4 wights
  4 howler monkeys (D:7)
  A centaur zombie (D:7)
  6 hounds
  2 jellies
  A bullfrog zombie (D:5)
  A centaur skeleton (D:6)
  2 iguanas
  4 orc wizards
  Terence (D:2)
  9 gnolls
  4 adders
  A white imp (D:7)
  An ufetubus (D:4)
  A worm (D:5)
  18 orcs
  4 bats
  7 endoplasms
  2 giant cockroaches
  7 goblins
  8 hobgoblins
  7 jackals
  4 quokkas
  4 ball pythons
  4 frilled lizards
  19 kobolds
  11 rats
149 creatures vanquished.

Vanquished Creatures (others)
  10 plants
10 creatures vanquished.

Grand Total: 159 creatures vanquished

Notes
Turn   | Place    | Note
-------+----------+-------------------------------------------
     0 | D:1      | freelancePsychic the Demonspawn Necromancer began the quest
                  | for the Orb.
     0 | D:1      | Reached XP level 1. HP: 13/13 MP: 3/3
   425 | D:1      | Gained mutation: A meltable shield of frost defends you.
                  | (SH +4) [demonic ancestry]
   425 | D:1      | Reached XP level 2. HP: 16/19 MP: 1/5
   558 | D:1      | Reached skill level 1 in Long Blades
   700 | D:1      | Found a faded altar of an unknown god.
  1072 | D:1      | Gained mutation: You are partially covered in icy blue
                  | scales. (AC +2) [demonic ancestry]
  1072 | D:1      | Reached XP level 3. HP: 23/24 MP: 4/6
  1201 | D:2      | Reached skill level 5 in Necromancy
  1685 | D:2      | Noticed Terence
  1696 | D:2      | Killed Terence
  1883 | D:2      | Reached XP level 4. HP: 29/30 MP: 5/7
  2242 | D:2      | Learned a level 3 spell: Vampiric Draining
  2620 | D:3      | Reached XP level 5. HP: 25/35 MP: 1/8
  2788 | D:3      | Reached skill level 6 in Necromancy
  3028 | D:3      | Noticed Purgy
  3049 | D:3      | Killed Purgy
  3050 | D:3      | Reached skill level 1 in Fighting
  3190 | D:3      | Reached XP level 6. HP: 44/44 MP: 9/9
  4480 | D:4      | Found a staircase to the Ecumenical Temple.
  4487 | Temple   | Entered the Ecumenical Temple
  4575 | Temple   | Became a worshipper of Kikubaaqudgha
  4648 | D:5      | Entered Level 5 of the Dungeon
  4674 | D:5      | Gained mutation: You have a pair of small horns on your
                  | head. [demonic ancestry]
  4674 | D:5      | Reached XP level 7. HP: 36/49 MP: 6/10
  4718 | D:5      | Reached skill level 7 in Necromancy
  4912 | D:5      | Reached skill level 5 in Long Blades
  5887 | D:6      | Gained mutation: You have a pair of horns on your head.
                  | [demonic ancestry]
  5887 | D:6      | Reached XP level 8. HP: 58/58 MP: 11/11
  6095 | D:6      | Reached * piety under Kikubaaqudgha
  6095 | D:6      | Identified Kikubaaqudgha's Disquisition on Stolen Souls
                  | (Kikubaaqudgha gifted it to you on level 6 of the Dungeon)
  6095 | D:6      | Received a gift from Kikubaaqudgha
  7189 | D:7      | Reached XP level 9. HP: 40/66 MP: 12/12
  7261 | D:7      | Reached skill level 8 in Necromancy
  7323 | D:7      | Reached ** piety under Kikubaaqudgha
  7901 | D:7      | Noticed Harold
  7923 | D:7      | Demolished by Harold

Illustrated notes

Levels and vault maps discovered:
D:1:      minmay_arrival_arboretum_small, layout_basic,
          shapermc_ecumenical_altar_mp_ritualfount, serial_glass,
          glass_columns_c, glass_columns_a, glass_columns_b, glass_columns_a,
          glass_columns_c, glass_columns_b, glass_columns_c, glass_columns_a,
          chequers_serial_rivers_small_b
D:2:      layout_loops_corners, uniq_terence
D:3:      layout_basic, kennysheep_donut, uniq_purgy
D:4:      layout_loops_ring, minmay_temple_entry_overgrown,
          uniq_crazy_yiuf_cottage
D:5:      layout_rooms
D:6:      layout_gridville, elyvilon_altar_5
D:7:      layout_basic, minivault_19, minmay_misc_feat_columns, uniq_harold
Temple:   compressed_dpeg_circular_temple

Skill      XL: |  1  2  3  4  5  6  7  8  9 |
---------------+----------------------------+-----
Long Blades    | 1 2 3 4 5 6 7 |  7.2
Necromancy     | 5 6 7 8 |  8.2
Fighting       | 1 3 4 |  4.5
Dodging        | 2 4 |  4.9
Stealth        | |  1.7
Spellcasting   | |  2.0

Action                   |  1- 3 |  4- 6 |  7- 9 || total
-------------------------+-------+-------+-------++-------
Melee: Falchion          |    40 |   101 |   162 ||   303
       Headbutt          |       |       |    20 ||    20
 Cast: Pain              |    33 |    22 |    38 ||    93
       Vampiric Draining |       |     2 |     3 ||     5
  Use: Scroll            |       |     8 |     6 ||    14
 Stab: Sleeping          |     2 |     3 |       ||     5
Armor: Robe              |     6 |    13 |       ||    19
       Ring mail         |       |    28 |    76 ||   104
Dodge: Dodged            |    19 |    51 |    80 ||   150
Block: Other             |     3 |    19 |    29 ||    51
       Rpst.: Falchion   |     6 |     7 |    29 ||    42

Table legend: (Time is in decaauts)
 A = Elapsed time spent in this place.
 B = Non-inter-level travel time spent in this place.
 C = Inter-level travel time spent in this place.
 D = Time resting spent in this place.
 E = Time spent auto-exploring this place.
 F = Levels seen in this place.
 G = Mean time per level.
                   A        B        C        D        E       F      G
               +--------+--------+--------+--------+--------+-----+--------+
         Total |   7949 |   7766 |    183 |    467 |   6192 |   8 |  993.6 |
       Dungeon |   7853 |   7677 |    176 |    467 |   6125 |   7 | 1121.9 |
        Temple |     95 |     88 |      7 |      0 |     67 |   1 |   95.0 |
               +--------+--------+--------+--------+--------+-----+--------+

Top non-repeatable levels by time:
     D:3: 1569 daAuts
     D:1: 1203 daAuts
     D:6: 1101 daAuts
     D:4: 1063 daAuts
     D:2: 1039 daAuts
     D:5: 1008 daAuts
     D:7: 867 daAuts
  Temple: 95 daAuts
